[Event "36th Indian-ch U13 Girls 2023"]
[Site "Secunderabad"]
[Date "2023.12.05"]
[Round "2.10"]
[White "Shradha Smaranika Nanda"]
[Black "Akshaya Sathi"]
[Result "0-1"]
[ECO "B92"]
[WhiteElo "1235"]
[BlackElo "1542"]
[Annotator "NA RC"]
[PlyCount "72"]
[EventDate "2023.12.04"]
[EventType "swiss"]
[EventCountry "IND"]
[SourceTitle "playchess.com"]
[Source "ChessBase"]
[SourceQuality "1"]
[TimeControl "5400+30"]

1. e4 c5 2. Nf3 d6 3. d4 cxd4 4. Nxd4 Nf6 5. Nc3 a6 6. Be2 e5 7. Nf3 h6 8. h3 Be6 9. Be3 Be7 10. Qd2 Nbd7 11. O-O O-O 12. Kh1 b5 13. a3 Qc7 14. Ne1 Rfd8 15. f4 Nb6 16. f5 Bc4 17. Bxb6 Qxb6 18. Bxc4 bxc4 19. Nf3 d5 20. exd5 e4 21. Nh2 e3 22. Qe2 Nxd5 23. Nxd5 Rxd5 24. Qxc4 Rad8 25. b4 Rd4 26. Qe2 Rd2 27. Qc4 e2 28. Rfe1 Qf2 29. Ng4 Qg3 30. Qe4 Bh4 31. Qf3 Rd1 32. Qxg3 Bxg3 33. Ne3 Rxe1+ 34. Rxe1 Bxe1 35. Kg1 Bg3 36. Nf1 Rd1 0-1

[Event "36th Indian-ch U13 Girls 2023"]
[Site "Secunderabad"]
[Date "2023.12.06"]
[Round "4.1"]
[White "Kalyani Sirin"]
[Black "Aadya Gupta"]
[Result "1-0"]
[ECO "C45"]
[WhiteElo "1802"]
[BlackElo "1460"]
[Annotator "NA RC"]
[PlyCount "95"]
[EventDate "2023.12.04"]
[EventType "swiss"]
[EventCountry "IND"]
[SourceTitle "playchess.com"]
[Source "ChessBase"]
[SourceQuality "1"]
[TimeControl "5400+30"]

1. e4 e5 2. Nf3 Nc6 3. d4 exd4 4. Nxd4 Nf6 5. Nxc6 bxc6 6. e5 Qe7 7. Qe2 Nd5 8. h4 Qe6 9. Nd2 f6 (9... a5 $11) 10. exf6 Qxe2+ 11. Bxe2 Nxf6 12. O-O d5 13. Re1 Kf7 14. Nf3 Bd6 15. Ng5+ Kf8 16. Bd3 h6 17. Nf3 Kf7 18. Ne5+ Bxe5 19. Rxe5 Bg4 20. Bf4 Rhe8 21. Rae1 Rxe5 22. Rxe5 Re8 23. Rxe8 Nxe8 24. Be3 a5 25. a4 Nd6 26. b3 Ke6 27. f3 Bf5 28. Bxf5+ Kxf5 29. Bd2 Nb7 30. b4 d4 31. Kf2 h5 32. Ke2 Ke5 33. g4 hxg4 34. fxg4 Kd5 35. h5 axb4 36. Bxb4 c5 37. a5 Nd8 38. a6 Kc6 39. Bxc5 Ne6 40. Be7 Kb6 41. Kf3 c5 42. g5 Nxg5+ 43. Bxg5 Kxa6 44. Bf6 gxf6 45. h6 c4 46. h7 d3 47. cxd3 c3 48. h8=Q 1-0

[Event "36th Indian-ch U13 Girls 2023"]
[Site "Secunderabad"]
[Date "2023.12.06"]
[Round "4.2"]
[White "Singh Myra"]
[Black "Gorli Nyna"]
[Result "0-1"]
[ECO "B42"]
[WhiteElo "1454"]
[BlackElo "1652"]
[Annotator "NA RC"]
[PlyCount "120"]
[EventDate "2023.12.04"]
[EventType "swiss"]
[EventCountry "IND"]
[SourceTitle "playchess.com"]
[Source "ChessBase"]
[SourceQuality "1"]
[TimeControl "5400+30"]

1. e4 c5 2. Nf3 e6 3. d4 cxd4 4. Nxd4 a6 5. Bd3 Nc6 6. Nxc6 dxc6 7. O-O Qc7 8. Qe2 e5 9. Nc3 Nf6 10. Be3 Bd6 11. Rfe1 O-O 12. Rad1 h6 13. h3 Bb4 14. Qf3 Kh7 15. Bd2 Bxc3 16. Bxc3 Bd7 17. Qg3 Rfe8 18. Qe3 Nh5 19. Be2 Nf4 20. Bf3 Rad8 21. Kh2 f6 22. Rd2 Be6 23. Red1 Rxd2 24. Qxd2 Qc8 25. g4 h5 26. Rg1 hxg4 27. Bxg4 Rd8 28. Qe3 Bxg4 29. Rxg4 g5 30. Qf3 Kg7 31. Rg3 Rh8 32. Qe3 g4 33. f3 Rxh3+ 34. Rxh3 gxh3 35. Qc5 Qd7 36. Bb4 Ne6 37. Qf2 Ng5 38. Bd2 Qxd2 39. Qxd2 Nxf3+ 40. Kxh3 Nxd2 41. Kg4 Nxe4 42. Kf3 f5 43. c3 Kg6 44. Ke3 Kg5 45. Kf3 Kh4 46. a3 Ng5+ 47. Ke3 f4+ 48. Kf2 e4 49. Ke2 e3 50. b3 Kg3 51. c4 f3+ 52. Kxe3 f2 53. b4 f1=Q 54. Kd4 Qf4+ 55. Kc3 Qe3+ 56. Kb2 Ne4 57. c5 Qc3+ 58. Ka2 Qc2+ 59. Ka1 Nc3 60. b5 Qa2# 0-1

[Event "36th Indian-ch U13 Girls 2023"]
[Site "Secunderabad"]
[Date "2023.12.06"]
[Round "4.3"]
[White "Nivedita V C"]
[Black "Sravyasree Bheemarasetty"]
[Result "0-1"]
[ECO "A05"]
[WhiteElo "1638"]
[BlackElo "1455"]
[Annotator "NA RC"]
[PlyCount "80"]
[EventDate "2023.12.04"]
[EventType "swiss"]
[EventCountry "IND"]
[SourceTitle "playchess.com"]
[Source "ChessBase"]
[SourceQuality "1"]
[TimeControl "5400+30"]

1. Nf3 Nf6 2. b3 d6 3. Bb2 e5 4. d3 Be7 5. g3 Nc6 6. Bg2 O-O 7. O-O Ne8 8. e4 f5 9. h3 g6 10. Nc3 Bf6 11. Nd5 Bg7 12. exf5 gxf5 13. d4 e4 14. Nh2 Ne7 15. Nf4 Ng6 16. Nh5 Bh8 17. g4 Ng7 18. gxf5 Nxh5 19. fxg6 hxg6 20. Ng4 Nf4 21. Re1 d5 22. Bc1 Nxg2 23. Kxg2 Qh4 24. Be3 Rf3 25. Rh1 Bxg4 26. hxg4 Qxg4+ 27. Kf1 Qf5 28. Qd2 Rf8 29. Rh2 Rh3 30. Rxh3 Qxh3+ 31. Kg1 Rf5 32. f4 exf3 33. Qh2 f2+ 34. Bxf2 Qxh2+ 35. Kxh2 Rxf2+ 36. Kg3 Rxc2 37. Re1 Bxd4 38. Kf4 Rxa2 39. Kg5 Rg2+ 40. Kh6 Bg7# 0-1

[Event "36th Indian-ch U13 Girls 2023"]
[Site "Secunderabad"]
[Date "2023.12.06"]
[Round "4.4"]
[White "Samhita Pungavanam"]
[Black "Kirthika B"]
[Result "1/2-1/2"]
[ECO "C47"]
[WhiteElo "1437"]
[BlackElo "1605"]
[Annotator "NA RC"]
[PlyCount "54"]
[EventDate "2023.12.04"]
[EventType "swiss"]
[EventCountry "IND"]
[SourceTitle "playchess.com"]
[Source "ChessBase"]
[SourceQuality "1"]
[TimeControl "5400+30"]

1. e4 e5 2. Nf3 Nc6 3. Nc3 Nf6 4. d4 exd4 5. Nxd4 Bb4 6. Nxc6 bxc6 7. Bd3 d5 8. exd5 cxd5 9. O-O O-O 10. h3 Bxc3 11. bxc3 c5 12. Qf3 h6 13. Ba3 Qa5 14. c4 Be6 15. Bb2 d4 16. c3 Rab8 17. Rfb1 Rfd8 18. Qg3 Kh8 19. Qe5 Nd7 20. Qe4 Nf6 21. Qe5 Nd7 22. Qe4 Nf6 23. Qe5 Nd7 24. Qg3 Nf6 25. Qe5 Nd7 26. Qe4 Nf6 27. Qe5 Nd7 1/2-1/2

[Event "36th Indian-ch U13 Girls 2023"]
[Site "Secunderabad"]
[Date "2023.12.06"]
[Round "4.5"]
[White "Pratyasha Jena"]
[Black "Shivamshika G"]
[Result "1-0"]
[ECO "C01"]
[WhiteElo "1603"]
[BlackElo "1424"]
[Annotator "NA RC"]
[PlyCount "65"]
[EventDate "2023.12.04"]
[EventType "swiss"]
[EventCountry "IND"]
[SourceTitle "playchess.com"]
[Source "ChessBase"]
[SourceQuality "1"]
[TimeControl "5400+30"]

1. e4 e6 2. d4 d5 3. Nc3 Bb4 4. exd5 exd5 5. Bd3 Nf6 6. Qf3 O-O 7. Nge2 Bg4 8. Qg3 Bxe2 9. Bxe2 Ne4 10. Qd3 Re8 11. O-O c5 12. dxc5 Nc6 13. Nxe4 Rxe4 14. Be3 Ne5 15. Qb5 Qc8 16. Bd3 a6 17. Qa4 Rh4 18. f3 Qxc5 19. Bf2 Qe7 20. Bxh4 Qxh4 21. Kh1 b5 22. Bxb5 Ng4 23. fxg4 Bd6 24. g3 Bxg3 25. Kg2 Qxh2+ 26. Kf3 Bd6 27. Bd3 Qg3+ 28. Ke2 Bc5 29. Rae1 g6 30. Kd2 Kg7 31. Qf4 Qg2+ 32. Re2 Be3+ 33. Kxe3 1-0

[Event "36th Indian-ch U13 Girls 2023"]
[Site "Secunderabad"]
[Date "2023.12.06"]
[Round "4.6"]
[White "Shanmathi Sree S"]
[Black "Shreya G Hipparagi"]
[Result "0-1"]
[ECO "B56"]
[WhiteElo "1420"]
[BlackElo "1576"]
[Annotator "NA RC"]
[PlyCount "146"]
[EventDate "2023.12.04"]
[EventType "swiss"]
[EventCountry "IND"]
[SourceTitle "playchess.com"]
[Source "ChessBase"]
[SourceQuality "1"]
[TimeControl "5400+30"]

1. e4 c5 2. Nf3 d6 3. d4 cxd4 4. Nxd4 Nf6 5. Nc3 Nc6 6. Be3 e5 7. Nf3 Be6 8. h3 Be7 9. Be2 O-O 10. O-O d5 11. exd5 Nxd5 12. Nxd5 Qxd5 13. c3 h6 14. Qa4 f6 15. Nd2 Qa5 16. Qc2 f5 17. Nc4 Qc7 18. f4 e4 19. Kh1 Rad8 20. Nd2 Nd4 21. Bxd4 Rxd4 22. Nb3 Rd7 23. Rac1 Bf6 24. Bb5 Re7 25. Qf2 a6 26. Be2 Bc4 27. Nd4 Bxe2 28. Nxe2 Rd8 29. Rcd1 Red7 30. Rxd7 Qxd7 31. Ng1 Qd2 32. Qb6 Qd5 33. a3 Qb5 34. Qe6+ Kh8 35. c4 Qd7 36. Qb6 Bd4 37. Qa5 Bf6 38. Qb6 Qc6 39. Qb3 Rd3 40. Qb4 e3 41. Rf3 Qe4 42. Qe1 Bxb2 43. a4 Bd4 44. Ne2 Bc5 45. Ng3 Qe6 46. Kh2 b6 47. Nf1 Qxc4 48. Qe2 b5 49. axb5 axb5 50. Rg3 Qe4 51. Qb2 Qe7 52. Qe2 Ra3 53. Rg6 b4 54. Rc6 Rc3 55. Rc8+ Kh7 56. Ng3 Qd7 57. Ra8 Bd6 58. Qa2 Bxf4 59. Qg8+ Kg6 60. Ra6+ Rc6 61. Ra7 Qxa7 62. Qe8+ Kh7 63. Qxc6 Qc7 64. Qf3 Bxg3+ 65. Qxg3 Qxg3+ 66. Kxg3 b3 67. Kf3 b2 68. Kxe3 b1=Q 69. Kd4 Qe4+ 70. Kc5 Qxg2 71. h4 f4 72. h5 f3 73. Kd6 f2 0-1

[Event "36th Indian-ch U13 Girls 2023"]
[Site "Secunderabad"]
[Date "2023.12.06"]
[Round "4.8"]
[White "Vaishnavi Radhakrishnan"]
[Black "Akshaya Sathi"]
[Result "0-1"]
[ECO "B20"]
[WhiteElo "1268"]
[BlackElo "1542"]
[Annotator "NA RC"]
[PlyCount "42"]
[EventDate "2023.12.04"]
[EventType "swiss"]
[EventCountry "IND"]
[SourceTitle "playchess.com"]
[Source "ChessBase"]
[SourceQuality "1"]
[TimeControl "5400+30"]

1. e4 c5 2. Nf3 d6 3. Nc3 Nf6 4. Bc4 e6 5. b3 Be7 6. O-O O-O 7. Bb2 a6 8. a4 Nc6 9. Re1 d5 10. exd5 exd5 11. Be2 Re8 12. Na2 Qb6 13. Rb1 Bg4 14. h3 Bh5 15. c3 Qa7 16. d4 Ne4 17. c4 cxd4 18. cxd5 d3 19. dxc6 Qxf2+ 20. Kh2 Bd6+ 21. Be5 Bxe5+ 0-1

[Event "36th Indian-ch U13 Girls 2023"]
[Site "Secunderabad"]
[Date "2023.12.06"]
[Round "4.9"]
[White "Aamuktha Guntaka"]
[Black "Taneesha Drolia"]
[Result "1-0"]
[ECO "C43"]
[WhiteElo "1532"]
[BlackElo "1188"]
[Annotator "NA RC"]
[PlyCount "85"]
[EventDate "2023.12.04"]
[EventType "swiss"]
[EventCountry "IND"]
[SourceTitle "playchess.com"]
[Source "ChessBase"]
[SourceQuality "1"]
[TimeControl "5400+30"]

1. e4 e5 2. Nf3 Nf6 3. d4 Nxe4 4. Bd3 d5 5. Nxe5 Bd6 6. O-O O-O 7. c4 c6 8. Qc2 f5 9. Nc3 Be6 10. cxd5 cxd5 11. f3 Bxe5 12. dxe5 Qb6+ 13. Kh1 Nc5 14. Be3 d4 15. Bxd4 Nc6 16. Na4 Nxd4 17. Qxc5 Qxc5 18. Nxc5 Bd5 19. b3 Rac8 20. Rac1 Rfe8 21. f4 b6 22. Na4 Kf7 23. Nc3 Be6 24. Ne2 Nxe2 25. Bxe2 Red8 26. Rxc8 Rxc8 27. Bd3 Rc3 28. Rd1 g6 29. Kg1 h6 30. Kf2 g5 31. Ke3 Kg6 32. g4 b5 33. fxg5 hxg5 34. Rf1 Bd7 35. Kd4 b4 36. Bxf5+ Bxf5 37. gxf5+ Kf7 38. f6 Rc2 39. e6+ Kxe6 40. f7 Rxh2 41. f8=Q Rh4+ 42. Kc5 a5 43. Qd6# 1-0

[Event "36th Indian-ch U13 Girls 2023"]
[Site "Secunderabad"]
[Date "2023.12.06"]
[Round "4.10"]
[White "Nihira Koul"]
[Black "Shradha S Rai"]
[Result "1-0"]
[ECO "A21"]
[WhiteElo "1484"]
[BlackElo "1142"]
[Annotator "NA RC"]
[PlyCount "101"]
[EventDate "2023.12.04"]
[EventType "swiss"]
[EventCountry "IND"]
[SourceTitle "playchess.com"]
[Source "ChessBase"]
[SourceQuality "1"]
[TimeControl "5400+30"]

1. c4 e5 2. Nc3 Nf6 3. g3 Bb4 4. Bg2 Bxc3 5. bxc3 O-O 6. d4 d6 7. Ba3 Re8 8. e3 Nbd7 9. Nf3 Nb6 10. Nd2 c6 11. O-O exd4 12. cxd4 Bf5 13. Qb3 Ne4 14. Nxe4 Bxe4 15. Bxe4 Rxe4 16. Rab1 d5 17. cxd5 cxd5 18. Qd3 Qd7 19. Rfc1 Rae8 20. Qb5 Qh3 21. Rc7 Nc4 22. Qxd5 Qe6 23. Qxe6 R4xe6 24. Rxc4 Ra6 25. Rb3 h6 26. Rc7 b6 27. d5 Ra5 28. Rd3 Rd8 29. d6 a6 30. d7 Kh7 31. Rc8 Rxd7 32. Rxd7 Rxa3 33. Rc6 b5 34. Ra7 b4 35. Rcxa6 Rc3 36. Rxf7 b3 37. axb3 Rxb3 38. Raa7 Rb1+ 39. Kg2 Rb8 40. Rxg7+ Kh8 41. Rh7+ Kg8 42. Rag7+ Kf8 43. Rh8+ Kxg7 44. Rxb8 Kh7 45. Rb6 Kg7 46. Kf3 Kh7 47. Kf4 Kg7 48. Kf5 Kh7 49. Rb7+ Kg8 50. Kf6 Kf8 51. Rb8# 1-0

[Event "36th Indian-ch U13 Girls 2023"]
[Site "Secunderabad"]
[Date "2023.12.06"]
[Round "5.1"]
[White "Akshaya Sathi"]
[Black "Kalyani Sirin"]
[Result "0-1"]
[ECO "C49"]
[WhiteElo "1542"]
[BlackElo "1802"]
[Annotator "NA COMBH"]
[PlyCount "94"]
[EventDate "2023.12.04"]
[EventType "swiss"]
[EventCountry "IND"]
[SourceTitle "playchess.com"]
[Source "ChessBase"]
[SourceQuality "1"]
[TimeControl "5400+30"]

1. e4 e5 2. Nf3 Nc6 3. Nc3 Nf6 4. Bb5 Bb4 5. O-O O-O 6. d3 d6 7. Bg5 Bxc3 8. bxc3 h6 9. Bh4 a6 10. Ba4 Kh7 11. Bb3 g5 12. Bg3 Bg4 13. h4 Kg6 14. Qd2 Bxf3 15. gxf3 Nh5 16. hxg5 hxg5 17. Kg2 Rh8 18. Rh1 Qf6 19. Rag1 Rh6 20. Bd5 Rah8 21. Qe3 Kg7 22. Bxc6 bxc6 23. d4 Nf4+ 24. Bxf4 Rxh1 25. Bxg5 Rxg1+ 26. Kxg1 Qe6 27. Kf1 Rh1+ 28. Ke2 Qxa2 29. Qd2 Qb1 30. Bd8 f6 31. dxe5 Rc1 32. Bxf6+ Kf7 33. Qg5 Rxc2+ 34. Ke3 Qe1+ 35. Kf4 Qd2+ 36. Kg4 Qxg5+ 37. Kxg5 a5 38. exd6 cxd6 39. e5 dxe5 40. Bxe5 a4 41. Kf4 a3 42. Ke3 a2 43. c4 Rxc4 44. Kd2 Rb4 45. f4 Rb1 46. f5 a1=Q 47. Bxa1 Rxa1 0-1

[Event "36th Indian-ch U13 Girls 2023"]
[Site "Secunderabad"]
[Date "2023.12.06"]
[Round "5.2"]
[White "Gorli Nyna"]
[Black "Aamuktha Guntaka"]
[Result "1-0"]
[ECO "B22"]
[WhiteElo "1652"]
[BlackElo "1532"]
[Annotator "NA COMBH"]
[PlyCount "159"]
[EventDate "2023.12.04"]
[EventType "swiss"]
[EventCountry "IND"]
[SourceTitle "playchess.com"]
[Source "ChessBase"]
[SourceQuality "1"]
[TimeControl "5400+30"]

1. e4 c5 2. c3 Nf6 3. e5 Nd5 4. Nf3 e6 5. Bc4 d6 6. exd6 Bxd6 7. O-O O-O 8. h3 Nc6 9. d4 cxd4 10. Nxd4 Nb6 11. Bb3 Nxd4 12. Qxd4 Qc7 13. Qg4 Kh8 14. Nd2 e5 15. Qe2 Bf5 16. Nf3 Rae8 17. Be3 Bc5 18. Rfe1 Bxe3 19. Qxe3 f6 20. Rad1 a5 21. Nh4 Be6 22. Bxe6 Rxe6 23. Nf5 Nc4 24. Qe2 Rb6 25. b3 Nd6 26. Ne3 Rc6 27. Nd5 Qb8 28. Ne7 Rc7 29. Rxd6 Rxe7 30. Red1 Qc7 31. Qd3 g6 32. c4 Kg7 33. Qd5 Rff7 34. Rd8 Rf8 35. Rd7 Rxd7 36. Qxd7+ Rf7 37. Qe8 Re7 38. Qa8 b6 39. Qd5 Rf7 40. Qb5 Re7 41. Rd5 e4 42. c5 Qf4 43. cxb6 e3 44. Qe2 Qe4 45. Rd1 Qf4 46. fxe3 Qb4 47. Qa6 Qc3 48. Qd3 Qc6 49. Qd8 Qe4 50. Qd4 Qc6 51. Rf1 Rb7 52. Rd1 Re7 53. Kh1 Rb7 54. a3 Kh6 55. Qd6 Qxb6 56. Qf8+ Kg5 57. Rd5+ f5 58. h4+ Kh5 59. Rd3 h6 60. Qh8 Qe6 61. Qc3 Qe7 62. Rd4 g5 63. hxg5 Qxg5 64. Qd3 Re7 65. Qe2+ Kg6 66. Rf4 Re6 67. Qf3 Qf6 68. g4 Qh4+ 69. Kg2 Qg5 70. Rxf5 Qe7 71. Kf2 Qh4+ 72. Kf1 Qe7 73. Kf2 Qh4+ 74. Kg2 Qe7 75. Rb5 Rxe3 76. Rb6+ Kg7 77. Rb7 Rxf3 78. Rxe7+ Rf7 79. Rxf7+ Kxf7 80. Kf3 1-0

[Event "36th Indian-ch U13 Girls 2023"]
[Site "Secunderabad"]
[Date "2023.12.06"]
[Round "5.3"]
[White "Sravyasree Bheemarasetty"]
[Black "Pratyasha Jena"]
[Result "0-1"]
[ECO "C54"]
[WhiteElo "1455"]
[BlackElo "1603"]
[Annotator "NA COMBH"]
[PlyCount "164"]
[EventDate "2023.12.04"]
[EventType "swiss"]
[EventCountry "IND"]
[SourceTitle "playchess.com"]
[Source "ChessBase"]
[SourceQuality "1"]
[TimeControl "5400+30"]

1. e4 e5 2. Nf3 Nc6 3. Bc4 Bc5 4. c3 Nf6 5. d3 d6 6. Nbd2 O-O 7. O-O h6 8. h3 Bb6 9. Re1 Re8 10. Nf1 a6 11. Bb3 Ne7 12. Nh4 Be6 13. Bc2 Ng6 14. Nxg6 fxg6 15. d4 Nh5 16. g4 Nf4 17. Bxf4 exf4 18. e5 dxe5 19. Bxg6 Bf7 20. Bxf7+ Kxf7 21. Qb3+ Kf8 22. dxe5 Qh4 23. Qc2 Kg8 24. Re4 Qxh3 25. Rxf4 Rf8 26. Qb3+ Kh7 27. Qb4 Bc5 28. Qe4+ Kh8 29. Ne3 Rxf4 30. Qxf4 Rf8 31. Nf5 g6 32. Qg3 Qxg3+ 33. Nxg3 Bxf2+ 34. Kg2 Bb6 35. Ne4 Re8 36. Rd1 Rxe5 37. Rd8+ Kg7 38. Rd7+ Kf8 39. Kf3 Re7 40. Rd8+ Kg7 41. c4 c6 42. Rb8 Bd4 43. b3 b6 44. b4 a5 45. bxa5 bxa5 46. Rc8 Rf7+ 47. Ke2 c5 48. a4 Rf4 49. Rc7+ Kf8 50. Nxc5 Bxc5 51. Rxc5 Rxg4 52. Kd3 Rg5 53. Rc7 h5 54. c5 h4 55. c6 Rc5 56. Kd4 Rc1 57. Kd5 Kg8 58. Re7 h3 59. Re2 g5 60. Kd6 g4 61. Re4 h2 62. Rxg4+ Kf7 63. Rh4 Rd1+ 64. Kc7 h1=Q 65. Rxh1 Rxh1 66. Kd6 Ke8 67. c7 Rc1 68. Kd5 Rxc7 69. Kd6 Rc4 70. Kd5 Rxa4 71. Kc5 Rb4 72. Kc6 a4 73. Kc5 Rb1 74. Kc4 a3 75. Kd5 a2 76. Ke6 a1=Q 77. Kd6 Qa6+ 78. Ke5 Rb5+ 79. Kd4 Qa4+ 80. Kd3 Rb3+ 81. Kc2 Qa2+ 82. Kc1 Rb1# 0-1

[Event "36th Indian-ch U13 Girls 2023"]
[Site "Secunderabad"]
[Date "2023.12.06"]
[Round "5.4"]
[White "Shreya G Hipparagi"]
[Black "Nihira Koul"]
[Result "1-0"]
[ECO "C06"]
[WhiteElo "1576"]
[BlackElo "1484"]
[Annotator "NA COMBH"]
[PlyCount "113"]
[EventDate "2023.12.04"]
[EventType "swiss"]
[EventCountry "IND"]
[SourceTitle "playchess.com"]
[Source "ChessBase"]
[SourceQuality "1"]
[TimeControl "5400+30"]

1. e4 e6 2. d4 d5 3. Nd2 Nf6 4. Bd3 c5 5. e5 Nfd7 6. c3 Nc6 7. Ne2 Be7 8. O-O a6 9. a4 Rb8 10. f4 O-O 11. Kh1 b5 12. dxc5 Nxc5 13. Bc2 b4 14. Nd4 Bb7 15. N2f3 Ne4 16. Nxc6 Bxc6 17. Nd4 Qc7 18. Bxe4 dxe4 19. f5 exf5 20. Nxf5 Rbd8 21. Qg4 Qxe5 22. Bf4 Qf6 23. Be3 Bd7 24. Bd4 Bxf5 25. Bxf6 Bxg4 26. Bxe7 bxc3 27. bxc3 Be2 28. Rfe1 Bd3 29. Bxd8 Rxd8 30. Rac1 Rc8 31. c4 Rc5 32. Rc3 Kf8 33. Kg1 f5 34. Rec1 Ke7 35. Kf2 Kd6 36. Ke3 Ke5 37. Rxd3 exd3 38. Kxd3 Ra5 39. Ra1 Kd6 40. Ra2 Re5 41. Rb2 Kc6 42. Rb8 Kc7 43. Rf8 Kd6 44. Rf7 Ra5 45. Rxg7 Rxa4 46. Rxh7 Ke5 47. Re7+ Kd6 48. Re2 Ra1 49. Kd4 Rd1+ 50. Kc3 f4 51. Rd2+ Rxd2 52. Kxd2 Ke5 53. Kc3 a5 54. h4 a4 55. Kb4 Kf5 56. c5 Kg4 57. c6 1-0

[Event "36th Indian-ch U13 Girls 2023"]
[Site "Secunderabad"]
[Date "2023.12.06"]
[Round "5.5"]
[White "Kirthika B"]
[Black "Durga Karthika Lellapalli"]
[Result "1-0"]
[ECO "C68"]
[WhiteElo "1605"]
[BlackElo "1408"]
[Annotator "NA COMBH"]
[PlyCount "105"]
[EventDate "2023.12.04"]
[EventType "swiss"]
[EventCountry "IND"]
[SourceTitle "playchess.com"]
[Source "ChessBase"]
[SourceQuality "1"]
[TimeControl "5400+30"]

1. e4 e5 2. Nf3 Nc6 3. Bb5 a6 4. Bxc6 dxc6 5. O-O Qd6 6. Na3 b5 7. c3 c5 8. d4 exd4 9. cxd4 c4 10. h3 Ne7 11. Re1 Ng6 12. Nc2 Be7 13. b3 cxb3 14. axb3 O-O 15. Ba3 Qf6 16. Bxe7 Qxe7 17. Qd2 Bb7 18. d5 Rad8 19. Qc3 Rfe8 20. Nb4 Ne5 21. Nd4 Qf6 22. Ndc6 Bxc6 23. dxc6 Rd3 24. Qc2 Rd4 25. Nd5 Qg6 26. Qc5 Nf3+ 27. Kf1 Nxe1 28. Qxd4 Qxg2+ 29. Kxe1 Rxe4+ 30. Ne3 Rxd4 31. Nxg2 Kf8 32. Rxa6 Ke7 33. Ne3 g6 34. Ke2 Kd6 35. Ng4 h5 36. Ne3 Rb4 37. Ra3 Kxc6 38. Nc2 Rh4 39. b4 Rc4 40. Kd2 Rf4 41. Rc3+ Kd6 42. Ke2 Rh4 43. Rd3+ Kc6 44. Nd4+ Kb6 45. Nc2 Rc4 46. Kd2 Rf4 47. Ke2 Rc4 48. Ne3 c6 49. Nxc4+ bxc4 50. Rc3 Kb5 51. Kd2 Kxb4 52. Kc2 f5 53. Rg3 1-0

[Event "36th Indian-ch U13 Girls 2023"]
[Site "Secunderabad"]
[Date "2023.12.06"]
[Round "5.6"]
[White "Srinika Guin"]
[Black "Sherali Pattnaik"]
[Result "1/2-1/2"]
[ECO "D20"]
[WhiteElo "1157"]
[BlackElo "1575"]
[Annotator "NA COMBH"]
[PlyCount "100"]
[EventDate "2023.12.04"]
[EventType "swiss"]
[EventCountry "IND"]
[SourceTitle "playchess.com"]
[Source "ChessBase"]
[SourceQuality "1"]
[TimeControl "5400+30"]

1. e4 e6 2. d4 d5 3. exd5 exd5 4. c4 dxc4 5. Bxc4 Be7 6. Ne2 Nf6 7. Nbc3 Nbd7 8. O-O O-O 9. h3 Nb6 10. Bd3 c6 11. Bg5 h6 12. Bh4 Nfd5 13. Bxe7 Nxe7 14. Nf4 Nf5 15. d5 Qd6 16. Qf3 cxd5 17. Bxf5 Bxf5 18. Nfxd5 Nxd5 19. Qxd5 Qxd5 20. Nxd5 Kh7 21. Rac1 Be4 22. Rfd1 Rfd8 23. Nc3 Bc6 24. Rxd8 Rxd8 25. Rd1 Rxd1+ 26. Nxd1 Kg6 27. Ne3 f5 28. g3 Kf6 29. Kf1 Ke5 30. Ke1 Ke4 31. h4 f4 32. gxf4 Kxf4 33. Kd2 Kf3 34. Nf5 g6 35. Nxh6 Bd5 36. a3 Be6 37. Kc3 Kxf2 38. Kd4 Kg3 39. Ke5 Bb3 40. Kf6 Kxh4 41. Kxg6 Kg3 42. Nf5+ Kf2 43. Nd4 Bd1 44. Kf5 Ke3 45. Ke5 Kd2 46. Kd6 Kc1 47. b4 Kb2 48. Kc7 b6 49. Nb5 a6 50. Kxb6 axb5 1/2-1/2

[Event "36th Indian-ch U13 Girls 2023"]
[Site "Secunderabad"]
[Date "2023.12.06"]
[Round "5.8"]
[White "Arshiya Das"]
[Black "Jahnvi Ashok"]
[Result "1-0"]
[ECO "B82"]
[WhiteElo "1729"]
[BlackElo "1309"]
[Annotator "NA COMBH"]
[PlyCount "187"]
[EventDate "2023.12.04"]
[EventType "swiss"]
[EventCountry "IND"]
[SourceTitle "playchess.com"]
[Source "ChessBase"]
[SourceQuality "1"]
[TimeControl "5400+30"]

1. e4 c5 2. Nf3 d6 3. d4 cxd4 4. Nxd4 Nf6 5. Nc3 a6 6. f4 e6 7. Nf3 Qc7 8. Bd3 Be7 9. O-O Nc6 10. Kh1 O-O 11. Qe1 Nd7 12. Qg3 Nc5 13. a3 b5 14. Be3 Na5 15. Be2 Nc4 16. Bxc4 bxc4 17. Bd4 f6 18. Nd2 Bb7 19. Qg4 d5 20. Bxc5 f5 21. exf5 exf5 22. Qg3 Bxc5 23. Nf3 Rae8 24. Rad1 Rd8 25. Ne2 Rde8 26. Ned4 Re4 27. c3 Bd6 28. Qh3 h6 29. g3 Qf7 30. Rfe1 Qg6 31. Nd2 Ree8 32. Rxe8 Qxe8 33. N2f3 Bc8 34. Re1 Qf7 35. Qf1 Re8 36. Kg2 Re4 37. Rb1 Re3 38. Qf2 Qe8 39. Re1 Re4 40. Nc2 Qe7 41. Qd2 Rxe1 42. Qxe1 Qe4 43. Qxe4 dxe4 44. Nd2 Be6 45. Ne3 g5 46. Nexc4 Bc5 47. Ne5 gxf4 48. gxf4 Be3 49. Nf1 Bxf4 50. Nc6 e3 51. Nd4 Bd5+ 52. Kg1 Bg5 53. h4 Bf4 54. Ne2 Bd6 55. Nxe3 Be4 56. Kf2 Kf7 57. Ng3 Ke6 58. Nxe4 fxe4 59. Nc2 Bc5+ 60. Ke2 Be7 61. h5 Bg5 62. b4 Kf5 63. Ne3+ Ke6 64. c4 Kd6 65. Kf2 a5 66. Ke2 Kc6 67. Nf5 Bc1 68. Nd4+ Kc7 69. bxa5 Kb7 70. a4 Ka6 71. Nb3 Bg5 72. c5 Kb7 73. Nd2 Bd8 74. Nxe4 Bxa5 75. Ke3 Kc6 76. Kd4 Bb4 77. Kc4 Be1 78. Nd6 Bf2 79. Nf5 Bxc5 80. Nxh6 Bf8 81. Nf7 Kb6 82. h6 Bxh6 83. Nxh6 Ka5 84. Kb3 Ka6 85. Kb4 Kb6 86. Nf5 Ka6 87. a5 Ka7 88. Kb5 Ka8 89. Kb6 Kb8 90. a6 Ka8 91. Ne3 Kb8 92. Nd5 Ka8 93. Nc7+ Kb8 94. a7+ 1-0

[Event "36th Indian-ch U13 Girls 2023"]
[Site "Secunderabad"]
[Date "2023.12.07"]
[Round "6.1"]
[White "Kalyani Sirin"]
[Black "Shreya G Hipparagi"]
[Result "0-1"]
[ECO "B78"]
[WhiteElo "1802"]
[BlackElo "1576"]
[Annotator "NA RC"]
[PlyCount "124"]
[EventDate "2023.12.04"]
[EventType "swiss"]
[EventCountry "IND"]
[SourceTitle "playchess.com"]
[Source "ChessBase"]
[SourceQuality "1"]
[TimeControl "5400+30"]

1. e4 c5 2. Nf3 d6 3. d4 cxd4 4. Nxd4 Nf6 5. Nc3 g6 6. Be3 Bg7 7. f3 O-O 8. Qd2 Nc6 9. Bc4 Bd7 10. O-O-O Rc8 11. Bb3 Nxd4 12. Bxd4 b5 13. Kb1 a5 14. a3 b4 15. axb4 axb4 16. Na2 Ra8 17. Qxb4 Qc7 18. Qb6 Qc8 19. Nc1 Ra6 20. Qb4 Qa8 21. c4 $19 Ra1+ 22. Kc2 Bh6 23. Nd3 Ra6 24. Qc3 Bg7 25. Nb4 Ra5 26. Rhe1 Rb8 27. g4 Qb7 28. Nd5 Nxd5 29. exd5 Bxd4 30. Rxd4 Ra6 31. Rd3 Rb6 32. Ra1 Qc7 33. Qd4 e5 34. dxe6 Bxe6 35. Rc3 Qb7 36. Ra3 Rc8 37. h4 Rb8 38. Kd2 Qe7 39. Qf2 Qf6 40. Kc2 Bxg4 41. Qg3 Bf5+ 42. Kc1 Qe7 43. Qf2 Qe5 44. Kd1 Bd7 45. Kc1 Qf4+ 46. Kb1 Bf5+ 47. Ka2 Be6 48. Ra4 h5 49. Ka3 Qe5 50. f4 Qe4 51. Qd2 Qb7 52. Qe3 Qc6 53. Ra5 Qc7 54. Rb5 Ra6+ 55. Ba4 Rba8 56. b3 Qe7 57. f5 gxf5 58. Qd4 f6 59. Rg3+ Kf8 60. Rg6 Bf7 61. Rxf6 d5+ 62. c5 Qxf6 0-1